BSA
ST. LOUIS BROWNS @ GREENVILLE 84S
07/29/2026
 
TOP OF THE 1ST
St. Louis Browns batting - Pitching for Greenville 84s : LHP Eduardo Trujillo
Pitching: LHP Eduardo Trujillo
Batting: LHB Mike Hill 0-0: SINGLE (Groundball, 4MD) (infield hit)
Batting: RHB R.J. Parker 0-0: Called Strike
0-1: Ball
Pickoff Throw by Catcher to First - Error! E2
Mike Hill to second
1-1: Foul Ball, location: 2F
1-2: Foul Ball, location: 2F
1-2: Foul Ball, location: 2F
1-2: Strikes out swinging
Batting: LHB Stan Hickman 0-0: Ball
1-0: Called Strike
1-1: Ball
2-1: Ball
3-1: Fly out, F4 (Popup, 4MD)
Batting: RHB Carlos Alfaro 0-0: Ball
1-0: Called Strike
1-1: Swinging Strike
1-2: Ground out 6-3 (Groundball, 6M)
Top of the 1st over - 0 run(s), 1 hit(s), 1 error(s), 1 left on base; St. Louis 0 - Greenville 0
BOTTOM OF THE 1ST
Greenville 84s batting - Pitching for St. Louis Browns : RHP Aaron Palmer
Pitching: RHP Aaron Palmer
Batting: RHB Carlos Torres 0-0: Ball
1-0: Foul Ball, location: 2F
1-1: Ground out 5-3 (Groundball, 5L)
Batting: LHB Chris Moore 0-0: Ball
1-0: Ball
2-0: Swinging Strike
2-1: Ball
3-1: Called Strike
3-2: Base on Balls
Batting: RHB Enzo Díaz Pickoff Throw to First - Error! E1
Chris Moore to second
0-0: Ball
1-0: Ball
2-0: Ball
3-0: Foul Ball, location: 2F
3-1: Base on Balls
Batting: LHB Brock Larsen 0-0: Called Strike
0-1: Foul Ball, location: 2F
0-2: Ball
1-2: Strikes out swinging
Batting: LHB Jimmy Vickers 0-0: Ball
1-0: SINGLE (Line Drive, 56)
Chris Moore to third
Enzo Díaz to second
Batting: LHB Kiyonaga Morita 0-0: Called Strike
0-1: Ball
1-1: Foul Ball, location: 2F
1-2: Ball
2-2: Foul Ball, location: 2F
2-2: Ball
3-2: Fly out, F5 (Popup, 5SF)
Bottom of the 1st over - 0 run(s), 1 hit(s), 1 error(s), 3 left on base; St. Louis 0 - Greenville 0
TOP OF THE 2ND
St. Louis Browns batting - Pitching for Greenville 84s : LHP Eduardo Trujillo
Batting: RHB Will Brown 0-0: Fly out, F3 (Popup, 3SF)
Batting: LHB Jorge Torres 0-0: Ground out U3 (Groundball, 3L)
Batting: LHB Clinton Clark 0-0: Foul Ball, location: 2F
0-1: Ball
1-1: Ball
2-1: SINGLE (Groundball, 56D)
Batting: RHB George Howard 0-0: Ground out 6-3 (Groundball, 6)
Top of the 2nd over - 0 run(s), 1 hit(s), 0 error(s), 1 left on base; St. Louis 0 - Greenville 0
BOTTOM OF THE 2ND
Greenville 84s batting - Pitching for St. Louis Browns : RHP Aaron Palmer
Batting: LHB José Costa 0-0: Ball
1-0: Ball
2-0: Ball
3-0: Foul Ball, location: 2F
3-1: Base on Balls
Batting: RHB Vic Langlois 0-0: Ball
1-0: Called Strike
1-1: Ball
2-1: Foul Ball, location: 2F
2-2: Foul Ball, location: 2F
2-2: Foul Ball, location: 2F
2-2: Fly out, F4 (Popup, 34D)
Batting: RHB Sugita Ito 0-0: Called Strike
0-1: Called Strike
0-2: Strikes out looking
Batting: RHB Carlos Torres 0-0: Called Strike
0-1: Ball
1-1: Ball
2-1: Fly out, F5 (Line Drive, 5L)
Bottom of the 2nd over - 0 run(s), 0 hit(s), 0 error(s), 1 left on base; St. Louis 0 - Greenville 0
TOP OF THE 3RD
St. Louis Browns batting - Pitching for Greenville 84s : LHP Eduardo Trujillo
Batting: LHB Junior Coates 0-0: Ball
1-0: Foul Ball, location: 2F
1-1: Ball
2-1: Foul Ball, location: 2F
2-2: Ball
3-2: SINGLE (Line Drive, 78M)
Batting: LHB Mike Hill 0-0: Ball
1-0: Ball
2-0: SINGLE (Groundball, 34D) (infield hit)
Junior Coates to second
Batting: RHB R.J. Parker 0-0: Foul Ball, location: 2F
0-1: Grounds into double play, 3-6-4 (Groundball, 34)
Junior Coates to third
Batting: LHB Stan Hickman 0-0: Ball
Wild Pitch!
Junior Coates scores
1-0: Foul Ball, location: 2F
1-1: Foul Ball, location: 2F
1-2: Strikes out swinging
Top of the 3rd over - 1 run(s), 2 hit(s), 0 error(s), 0 left on base; St. Louis 1 - Greenville 0
BOTTOM OF THE 3RD
Greenville 84s batting - Pitching for St. Louis Browns : RHP Aaron Palmer
Batting: LHB Chris Moore 0-0: Foul Ball, location: 2F
0-1: Ball
1-1: Ball
2-1: Ball
3-1: Called Strike
3-2: Foul Ball, location: 2F
3-2: Strikes out looking
Batting: RHB Enzo Díaz 0-0: Foul Ball, location: 2F
0-1: Foul Ball, location: 2F
0-2: Foul Ball, location: 2F
0-2: Ball
1-2: DOUBLE (Flyball, 78XD)
Batting: LHB Brock Larsen 0-0: Called Strike
0-1: Ground out 4-3 (Groundball, 4)
Enzo Díaz to third
Batting: LHB Jimmy Vickers 0-0: Ball
1-0: Foul Ball, location: 2F
1-1: 2-RUN HOME RUN (Flyball, 9D), Distance : 348 ft
Batting: LHB Kiyonaga Morita 0-0: Foul Ball, location: 2F
0-1: Foul Ball, location: 2F
0-2: Ball
1-2: Foul Ball, location: 2F
1-2: Strikes out swinging
Bottom of the 3rd over - 2 run(s), 2 hit(s), 0 error(s), 0 left on base; St. Louis 1 - Greenville 2
TOP OF THE 4TH
St. Louis Browns batting - Pitching for Greenville 84s : LHP Eduardo Trujillo
Batting: RHB Carlos Alfaro 0-0: Ball
1-0: Called Strike
1-1: Ball
2-1: Reached on error, E5 (Groundball, 56S)
Batting: RHB Will Brown 0-0: Foul Ball, location: 2F
0-1: Called Strike
0-2: Foul Ball, location: 2F
0-2: Foul Ball, location: 2F
0-2: Foul Ball, location: 2F
0-2: Ball
1-2: Ground out 6-3 (Groundball, 6MS)
Carlos Alfaro to second
Batting: LHB Jorge Torres 0-0: Called Strike
0-1: Fly out, F6 (Line Drive, 6MD)
Batting: LHB Clinton Clark 0-0: Ball
1-0: Foul Ball, location: 2F
1-1: Foul Ball, location: 2F
1-2: Foul Ball, location: 2F
1-2: Fly out, F5 (Popup, 5SF)
Top of the 4th over - 0 run(s), 0 hit(s), 1 error(s), 1 left on base; St. Louis 1 - Greenville 2
BOTTOM OF THE 4TH
Greenville 84s batting - Pitching for St. Louis Browns : RHP Aaron Palmer
Batting: LHB José Costa 0-0: Ground out 4-3 (Groundball, 4)
Batting: RHB Vic Langlois 0-0: Ball
1-0: Called Strike
1-1: Ball
2-1: Ball
3-1: Foul Ball, location: 2F
3-2: Foul Ball, location: 2F
3-2: Strikes out swinging
Batting: RHB Sugita Ito 0-0: Called Strike
0-1: Ball
1-1: Ball
2-1: Foul Ball, location: 2F
2-2: Ball
3-2: Base on Balls
Batting: RHB Carlos Torres 0-0: SINGLE (Line Drive, 34D)
Sugita Ito to second
Throwing error, E9
Sugita Ito scores
Carlos Torres to second
Batting: LHB Chris Moore 0-0: SINGLE (Groundball, 6MD)
Carlos Torres to third
Runner from 3rd tries for Home, throw and OUT!
Bottom of the 4th over - 1 run(s), 2 hit(s), 1 error(s), 1 left on base; St. Louis 1 - Greenville 3
TOP OF THE 5TH
St. Louis Browns batting - Pitching for Greenville 84s : LHP Eduardo Trujillo
Batting: RHB George Howard 0-0: Swinging Strike
0-1: Ground out 4-3 (Groundball, 34)
Batting: LHB Junior Coates 0-0: Fly out, F9 (Flyball, 9D)
Batting: LHB Mike Hill 0-0: Ball
1-0: Fly out, F8 (Flyball, 8LM)
Top of the 5th over - 0 run(s), 0 hit(s), 0 error(s), 0 left on base; St. Louis 1 - Greenville 3
BOTTOM OF THE 5TH
Greenville 84s batting - Pitching for St. Louis Browns : RHP Aaron Palmer
Batting: RHB Enzo Díaz 0-0: Ball
1-0: Called Strike
1-1: Foul Ball, location: 2F
1-2: Foul Ball, location: 2F
1-2: Ball
2-2: Foul Ball, location: 2F
2-2: Foul Ball, location: 2F
2-2: Foul Ball, location: 2F
2-2: Strikes out swinging
Pitching: RHP Ramón Silva
Batting: LHB Brock Larsen 0-0: Swinging Strike
0-1: Ball
1-1: SINGLE (Groundball, 34D)
Batting: LHB Jimmy Vickers 0-0: Ball
1-0: Foul Ball, location: 2F
1-1: Ball
2-1: Ball
3-1: Base on Balls
Brock Larsen to second
Batting: LHB Kiyonaga Morita 0-0: Ball
Wild Pitch!
Brock Larsen to third
Jimmy Vickers to second
1-0: Swinging Strike
1-1: Foul Ball, location: 2F
1-2: Ball
2-2: Strikes out looking
Batting: LHB José Costa 0-0: Ball
1-0: Called Strike
1-1: Foul Ball, location: 2F
1-2: Ball
2-2: Strikes out swinging
Bottom of the 5th over - 0 run(s), 1 hit(s), 0 error(s), 2 left on base; St. Louis 1 - Greenville 3
TOP OF THE 6TH
St. Louis Browns batting - Pitching for Greenville 84s : LHP Eduardo Trujillo
Batting: RHB R.J. Parker 0-0: Ground out 3-1 (Groundball, 34)
Batting: LHB Stan Hickman 0-0: Ball
1-0: Foul Ball, location: 2F
1-1: Ball
2-1: Swinging Strike
2-2: Foul Ball, location: 2F
2-2: Foul Ball, location: 2F
2-2: Foul Ball, location: 2F
2-2: Foul Ball, location: 2F
2-2: Ball
3-2: Base on Balls
Batting: RHB Carlos Alfaro 0-0: Ball
1-0: Ball
2-0: Ball
3-0: Called Strike
3-1: Base on Balls
Stan Hickman to second
Batting: RHB Will Brown 0-0: Called Strike
0-1: Foul Ball, location: 2F
0-2: Strikes out swinging
Batting: LHB Jorge Torres 0-0: SINGLE (Line Drive, 8LS)
Stan Hickman to third
Carlos Alfaro to second
Batting: LHB Clinton Clark 0-0: Called Strike
0-1: Ground out 1-3 (Groundball, 25)
Top of the 6th over - 0 run(s), 1 hit(s), 0 error(s), 3 left on base; St. Louis 1 - Greenville 3
BOTTOM OF THE 6TH
Greenville 84s batting - Pitching for St. Louis Browns : RHP Ramón Silva
Batting: RHB Vic Langlois 0-0: Ball
1-0: Ball
2-0: Foul Ball, location: 2F
2-1: Foul Ball, location: 2F
2-2: Strikes out swinging
Batting: RHB Sugita Ito 0-0: Ground out 6-3 (Groundball, 6M)
Batting: RHB Carlos Torres 0-0: Ball
1-0: Ball
2-0: Ball
3-0: Called Strike
3-1: Fly out, F3 (Popup, 23F)
Bottom of the 6th over - 0 run(s), 0 hit(s), 0 error(s), 0 left on base; St. Louis 1 - Greenville 3
TOP OF THE 7TH
St. Louis Browns batting - Pitching for Greenville 84s : LHP Eduardo Trujillo
Pitching: RHP Ángel Lara
Batting: RHB George Howard 0-0: Ball
1-0: Called Strike
1-1: Swinging Strike
1-2: Strikes out swinging
Batting: LHB Junior Coates 0-0: Ball
1-0: Foul Ball, location: 2F
1-1: Foul Ball, location: 2F
1-2: Ball
2-2: Strikes out looking
Batting: LHB Mike Hill 0-0: Ball
1-0: Ball
2-0: Called Strike
2-1: Foul Ball, location: 2F
2-2: Fly out, F6 (Popup, 6D)
Top of the 7th over - 0 run(s), 0 hit(s), 0 error(s), 0 left on base; St. Louis 1 - Greenville 3
BOTTOM OF THE 7TH
Greenville 84s batting - Pitching for St. Louis Browns : RHP Ramón Silva
Batting: LHB Chris Moore 0-0: Called Strike
0-1: Ball
1-1: Ball
2-1: Ball
3-1: Base on Balls
Batting: RHB Enzo Díaz 0-0: Foul Ball, location: 2F
0-1: Ball
1-1: Swinging Strike
1-2: Fly out, F8 (Flyball, 8RM)
Pitching: LHP Santiago Valentín
Batting: LHB Brock Larsen 0-0: Ball
1-0: Grounds into double play, 4-6-3 (Groundball, 4)
Bottom of the 7th over - 0 run(s), 0 hit(s), 0 error(s), 0 left on base; St. Louis 1 - Greenville 3
TOP OF THE 8TH
St. Louis Browns batting - Pitching for Greenville 84s : RHP Ángel Lara
Batting: RHB R.J. Parker 0-0: Ball
1-0: Ball
2-0: Ball
3-0: Called Strike
3-1: SINGLE (Line Drive, 34)
Pitching: LHP Manuel Herrera
Batting: LHB Stan Hickman 0-0: Ball
1-0: Fly out, F8 (Flyball, 8LM)
Pitching: RHP Pierre Deschênes
Batting: RHB Carlos Alfaro 0-0: Swinging Strike
0-1: Called Strike
0-2: Ball
1-2: Ball
2-2: Foul Ball, location: 2F
2-2: Foul Ball, location: 2F
2-2: Strikes out looking
Batting: RHB Will Brown 0-0: Ball
1-0: Called Strike
1-1: Called Strike
1-2: Strikes out swinging
Top of the 8th over - 0 run(s), 1 hit(s), 0 error(s), 1 left on base; St. Louis 1 - Greenville 3
BOTTOM OF THE 8TH
Greenville 84s batting - Pitching for St. Louis Browns : LHP Santiago Valentín
Batting: LHB Jimmy Vickers 0-0: Called Strike
0-1: Foul Ball, location: 2F
0-2: Ball
1-2: Foul Ball, location: 2F
1-2: Foul Ball, location: 2F
1-2: Fly out, F7 (Flyball, 7D)
Batting: LHB Kiyonaga Morita 0-0: Foul Ball, location: 2F
0-1: Called Strike
0-2: Ball
1-2: Strikes out looking
Batting: LHB José Costa 0-0: Called Strike
0-1: Called Strike
0-2: Ball
1-2: Foul Ball, location: 2F
1-2: Strikes out swinging
Bottom of the 8th over - 0 run(s), 0 hit(s), 0 error(s), 0 left on base; St. Louis 1 - Greenville 3
TOP OF THE 9TH
St. Louis Browns batting - Pitching for Greenville 84s : RHP Pierre Deschênes
Pitching: LHP Francisco Ríos
Batting: LHB Jorge Torres 0-0: Ball
1-0: Called Strike
1-1: Ground out 1-3 (Groundball, 13S)
Batting: LHB Clinton Clark 0-0: Called Strike
0-1: Called Strike
0-2: Ball
1-2: Foul Ball, location: 2F
1-2: Strikes out looking
Batting: RHB George Howard 0-0: Ball
1-0: DOUBLE (Line Drive, 89M)
Pinch Hitting: SHB Ryobe Yamamoto 0-0: Ball
1-0: Foul Ball, location: 2F
1-1: Fly out, F4 (Popup, 4D)
Top of the 9th over - 0 run(s), 1 hit(s), 0 error(s), 1 left on base; St. Louis 1 - Greenville 3
Monday, December 5th, 2016 - OOTP Baseball 17.12 Build 75